[ AOE2 MATCH · #457629871 ]
Team RMBohemians vs Portuguese
[ REPLAY ANALYSIS · EXTRACTED FROM THE RECORDED GAME ]
Feudal
11:21
Castle
15:01
Imperial
34:30
| APM avg | 51.3 |
| APM peak | 97 |
| eAPM avg | 27.5 |
| Villagers / military | 235 / 230 |
Focus
⚔️ 34.4% · 🌾 65.6%
Hussite Wagon ×94 · Spearman ×90 · Bombard Cannon ×33 · Trebuchet (Packed) ×9 · Petard ×3 · Monk ×1
Feudal
11:01
Castle
14:47
Imperial
28:25
| APM avg | 34.5 |
| APM peak | 67 |
| eAPM avg | 22.6 |
| Villagers / military | 190 / 692 |
Focus
⚔️ 46.4% · 🌾 53.6%
Spearman ×358 · Skirmisher ×178 · Hand Cannoneer ×122 · Bombard Cannon ×25 · Monk ×5 · Mangonel ×2
Feudal
11:29
Castle
15:11
Imperial
37:58
| APM avg | 32.2 |
| APM peak | 82 |
| eAPM avg | 16.0 |
| Villagers / military | 139 / 120 |
Focus
⚔️ 34.8% · 🌾 65.2%
Knight ×47 · Hand Cannoneer ×29 · Flemish Militia ×23 · Bombard Cannon ×11 · Mangonel ×6 · Battering Ram ×4
Feudal
11:28
Castle
15:49
Imperial
30:25
| APM avg | 28.5 |
| APM peak | 67 |
| eAPM avg | 16.0 |
| Villagers / military | 148 / 477 |
Focus
⚔️ 31.9% · 🌾 68.1%
Knight ×243 · Scout Cavalry ×179 · Hand Cannoneer ×46 · Trebuchet (Packed) ×5 · Bombard Cannon ×4
Feudal
10:05
Castle
14:39
Imperial
29:05
| APM avg | 73.7 |
| APM peak | 225 |
| eAPM avg | 50.5 |
| Villagers / military | 179 / 459 |
Focus
⚔️ 75.0% · 🌾 25.0%
Scout Cavalry ×334 · Mangudai ×114 · Mangonel ×7 · Monk ×2 · Steppe Lancer ×2
Feudal
10:13
Castle
14:27
Imperial
34:31
| APM avg | 18.0 |
| APM peak | 46 |
| eAPM avg | 11.5 |
| Villagers / military | 102 / 337 |
Focus
⚔️ 36.0% · 🌾 64.0%
Skirmisher ×160 · Archer ×85 · Petard ×78 · Unknown (2582) ×21 · Unknown (2550) ×14 · Battering Ram ×13
Match map
Initial resources + every placement click. Lines = walls · curves = elevation contours. ◆ gold · ⬟ stone · ● berries · ✦ relic · ◌ wall gap
Inputs per minute
— 闲人肥羊 - - substitutehugo
Build order — 闲人肥羊
First 150 of 555 actions detected
| 0:01 | Create | Villager (Male) |
| 0:01 | Create | Villager (Male) |
| 0:02 | Create | Villager (Male) |
| 0:02 | Build | House |
| 0:03 | Build | House |
| 0:15 | Create | Villager (Male) |
| 1:26 | Create | Villager (Male) |
| 1:44 | Build | Lumber Camp |
| 1:50 | Create | Villager (Male) |
| 1:50 | Create | Villager (Male) |
| 2:09 | Create | Villager (Male) |
| 2:10 | Create | Villager (Male) |
| 2:39 | Create | Villager (Male) |
| 2:40 | Create | Villager (Male) |
| 3:15 | Create | Villager (Male) |
| 3:41 | Create | Villager (Male) |
| 3:54 | Build | House |
| 4:00 | Create | Villager (Male) |
| 4:01 | Create | Villager (Male) |
| 4:01 | Create | Villager (Male) |
| 4:03 | Build | House |
| 4:49 | Create | Villager (Male) |
| 4:59 | Build | Mill |
| 5:12 | Create | Villager (Male) |
| 5:13 | Create | Villager (Male) |
| 5:59 | Create | Villager (Male) |
| 6:38 | Build | Mill |
| 6:38 | Create | Villager (Male) |
| 6:39 | Create | Villager (Male) |
| 6:50 | Build | House |
| 6:55 | Create | Villager (Male) |
| 7:41 | Create | Villager (Male) |
| 7:42 | Create | Villager (Male) |
| 7:42 | Create | Villager (Male) |
| 8:05 | Build | Mining Camp |
| 8:55 | Research | Feudal Age |
| 9:15 | Create | Villager (Male) |
| 9:15 | Create | Villager (Male) |
| 9:29 | Build | Farm |
| 10:23 | Build | Lumber Camp |
| 10:46 | Build | Farm |
| 10:49 | Build | Farm |
| 10:58 | Build | Farm |
| 11:21 | Age | Feudal Age |
| 11:24 | Build | Market |
| 11:26 | Build | Blacksmith |
| 11:51 | Build | Lumber Camp |
| 12:21 | Research | Castle Age |
| 12:21 | Research | Castle Age |
| 12:49 | Research | Horse Collar |
| 13:05 | Research | Double-Bit Axe |
| 13:30 | Build | Farm |
| 13:36 | Build | Farm |
| 14:25 | Create | Villager (Male) |
| 15:01 | Age | Castle Age |
| 15:03 | Build | Town Center |
| 15:05 | Create | Villager (Male) |
| 15:13 | Build | Town Center |
| 15:26 | Build | House |
| 15:35 | Research | Bow Saw |
| 15:38 | Create | Villager (Male) |
| 16:09 | Build | Farm |
| 16:14 | Create | Villager (Male) |
| 16:26 | Create | Villager (Male) |
| 16:30 | Create | Villager (Male) |
| 16:36 | Build | Farm |
| 16:44 | Build | Farm |
| 16:46 | Create | Villager (Male) |
| 16:58 | Build | Farm |
| 16:58 | Create | Villager (Male) |
| 16:59 | Create | Villager (Male) |
| 17:00 | Create | Villager (Male) |
| 17:00 | Create | Villager (Male) |
| 17:05 | Build | Farm |
| 17:19 | Create | Villager (Male) |
| 17:19 | Create | Villager (Male) |
| 17:25 | Build | Farm |
| 17:26 | Build | Farm |
| 17:35 | Create | Villager (Male) |
| 17:35 | Create | Villager (Male) |
| 17:38 | Create | Villager (Male) |
| 17:40 | Build | Farm |
| 17:47 | Build | Farm |
| 17:55 | Create | Villager (Male) |
| 17:55 | Create | Villager (Male) |
| 18:00 | Create | Villager (Male) |
| 18:00 | Create | Villager (Male) |
| 18:05 | Build | Farm |
| 18:17 | Create | Villager (Male) |
| 18:26 | Build | House |
| 18:28 | Create | Villager (Male) |
| 18:38 | Build | Castle |
| 18:40 | Create | Villager (Male) |
| 18:41 | Create | Villager (Male) |
| 18:43 | Build | Farm |
| 18:46 | Build | Farm |
| 18:55 | Create | Villager (Male) |
| 18:57 | Build | Farm |
| 18:59 | Build | Farm |
| 19:02 | Create | Villager (Male) |
| 19:06 | Build | Farm |
| 19:06 | Build | Farm |
| 19:06 | Build | Farm |
| 19:12 | Create | Villager (Male) |
| 19:20 | Create | Villager (Male) |
| 19:22 | Create | Villager (Male) |
| 19:26 | Build | House |
| 19:27 | Build | House |
| 19:33 | Research | Wheelbarrow |
| 19:44 | Build | Farm |
| 19:45 | Build | Farm |
| 19:50 | Create | Villager (Male) |
| 20:01 | Create | Villager (Male) |
| 20:05 | Build | Monastery |
| 20:07 | Create | Villager (Male) |
| 20:26 | Build | Farm |
| 20:26 | Create | Villager (Male) |
| 20:31 | Build | Farm |
| 20:32 | Create | Villager (Male) |
| 20:34 | Build | Farm |
| 20:38 | Build | Farm |
| 20:45 | Create | Villager (Male) |
| 20:46 | Create | Villager (Male) |
| 20:50 | Build | House |
| 20:51 | Create | Villager (Male) |
| 20:54 | Build | House |
| 20:55 | Create | Villager (Male) |
| 20:56 | Build | House |
| 20:58 | Build | House |
| 20:59 | Create | Villager (Male) |
| 20:59 | Create | Villager (Male) |
| 21:03 | Create | Hussite Wagon |
| 21:03 | Create | Hussite Wagon |
| 21:05 | Create | Monk |
| 21:06 | Create | Villager (Male) |
| 21:11 | Build | House |
| 21:12 | Create | Villager (Male) |
| 21:12 | Create | Villager (Male) |
| 21:15 | Research | Loom |
| 21:20 | Research | Loom |
| 21:24 | Build | House |
| 21:26 | Create | Villager (Male) |
| 21:26 | Create | Villager (Male) |
| 21:33 | Create | Villager (Male) |
| 21:33 | Create | Villager (Male) |
| 21:36 | Create | Hussite Wagon |
| 21:36 | Create | Hussite Wagon |
| 21:44 | Build | House |
| 22:06 | Create | Villager (Male) |
| 22:07 | Create | Villager (Male) |
Build order — substitutehugo
First 150 of 532 actions detected
| 0:01 | Create | Villager (Male) ×4 |
| 0:01 | Create | Villager (Male) ×4 |
| 0:03 | Build | House |
| 0:05 | Build | House |
| 1:34 | Create | Villager (Male) |
| 1:34 | Create | Villager (Male) |
| 1:46 | Build | Lumber Camp |
| 1:53 | Create | Villager (Male) |
| 1:53 | Create | Villager (Male) |
| 2:23 | Create | Villager (Male) |
| 2:48 | Create | Villager (Male) |
| 2:48 | Create | Villager (Male) |
| 3:03 | Create | Villager (Male) |
| 3:21 | Create | Villager (Male) |
| 4:02 | Build | House |
| 4:03 | Build | House |
| 4:12 | Research | Loom |
| 4:12 | Create | Villager (Male) |
| 4:22 | Build | Mill |
| 4:38 | Create | Villager (Male) |
| 4:39 | Create | Villager (Male) |
| 4:39 | Create | Villager (Male) |
| 4:39 | Create | Villager (Male) |
| 5:06 | Build | Mill |
| 5:51 | Create | Villager (Male) |
| 5:52 | Create | Villager (Male) |
| 5:52 | Create | Villager (Male) |
| 5:52 | Create | Villager (Male) |
| 6:31 | Create | Villager (Male) |
| 6:47 | Build | Farm |
| 6:50 | Build | Farm |
| 7:00 | Create | Villager (Male) |
| 7:00 | Create | Villager (Male) |
| 8:26 | Research | Feudal Age |
| 8:38 | Build | Mining Camp |
| 8:49 | Build | Mining Camp |
| 8:52 | Create | Villager (Male) |
| 8:52 | Create | Villager (Male) |
| 9:01 | Build | House |
| 11:01 | Age | Feudal Age |
| 11:12 | Build | Market |
| 11:14 | Build | Blacksmith |
| 11:47 | Research | Double-Bit Axe |
| 12:07 | Research | Castle Age |
| 12:07 | Research | Castle Age |
| 12:33 | Research | Horse Collar |
| 13:15 | Create | Villager (Male) |
| 13:22 | Build | House |
| 14:47 | Age | Castle Age |
| 14:50 | Build | Monastery |
| 14:52 | Build | Town Center |
| 15:01 | Build | Town Center |
| 15:03 | Research | Bow Saw |
| 15:03 | Research | Bow Saw |
| 15:07 | Create | Villager (Male) |
| 15:16 | Build | Farm |
| 15:35 | Create | Villager (Male) |
| 15:39 | Build | Farm |
| 15:40 | Create | Monk |
| 15:56 | Create | Villager (Male) |
| 16:15 | Create | Villager (Male) |
| 16:18 | Create | Villager (Male) |
| 16:20 | Build | Farm |
| 16:27 | Build | Farm |
| 16:28 | Build | Farm |
| 16:31 | Create | Villager (Male) |
| 16:38 | Create | Monk |
| 16:48 | Build | Farm |
| 16:53 | Build | Farm |
| 16:54 | Build | Farm |
| 16:56 | Build | Farm |
| 16:59 | Build | Farm |
| 17:01 | Build | Farm |
| 17:02 | Build | Farm |
| 17:09 | Create | Villager (Male) |
| 17:09 | Create | Villager (Male) |
| 17:11 | Build | Farm |
| 17:13 | Build | Farm |
| 17:32 | Build | Farm |
| 17:33 | Create | Villager (Male) |
| 17:44 | Build | Farm |
| 17:49 | Build | Farm |
| 17:50 | Create | Villager (Male) |
| 17:55 | Build | House |
| 17:57 | Create | Villager (Male) |
| 17:58 | Create | Villager (Male) |
| 18:03 | Build | House |
| 18:03 | Create | Villager (Male) |
| 18:04 | Create | Villager (Male) |
| 18:15 | Build | Farm |
| 18:20 | Build | Farm |
| 18:22 | Create | Villager (Male) |
| 18:22 | Create | Villager (Male) |
| 18:27 | Build | Farm |
| 18:29 | Create | Villager (Male) |
| 18:40 | Create | Villager (Male) |
| 18:40 | Create | Villager (Male) |
| 18:46 | Build | Farm |
| 18:52 | Build | Farm |
| 18:56 | Build | House |
| 18:57 | Build | House |
| 18:58 | Create | Villager (Male) |
| 18:58 | Create | Villager (Male) |
| 19:08 | Create | Villager (Male) ×2 |
| 19:24 | Create | Villager (Male) ×2 |
| 19:27 | Build | Farm |
| 19:31 | Create | Villager (Male) |
| 19:32 | Create | Villager (Male) |
| 19:47 | Create | Villager (Male) ×2 |
| 19:47 | Create | Villager (Male) |
| 19:58 | Build | Town Center |
| 20:00 | Research | Loom |
| 20:02 | Create | Villager (Male) ×2 |
| 20:02 | Create | Villager (Male) ×2 |
| 20:09 | Build | Farm |
| 20:10 | Create | Villager (Male) |
| 20:17 | Create | Villager (Male) |
| 20:46 | Create | Villager (Male) ×4 |
| 20:47 | Build | Farm |
| 21:02 | Create | Villager (Male) ×4 |
| 21:11 | Research | Wheelbarrow |
| 21:11 | Research | Wheelbarrow |
| 21:17 | Create | Villager (Male) |
| 21:17 | Create | Villager (Male) |
| 21:23 | Build | Farm |
| 21:26 | Build | Farm |
| 21:31 | Build | Farm |
| 21:31 | Build | Farm |
| 21:35 | Build | Farm |
| 21:40 | Build | House |
| 21:42 | Build | House |
| 21:43 | Build | House |
| 21:47 | Create | Villager (Male) ×5 |
| 21:48 | Create | Villager (Male) |
| 22:07 | Build | Farm |
| 22:08 | Build | Farm |
| 22:08 | Build | Farm |
| 22:09 | Build | Farm |
| 22:09 | Build | Farm |
| 22:11 | Create | Villager (Male) ×4 |
| 22:11 | Create | Villager (Male) ×4 |
| 22:20 | Create | Villager (Male) ×2 |
| 22:23 | Build | House |
| 22:24 | Build | House |
| 22:27 | Build | House |
| 22:28 | Build | House |
| 22:35 | Build | University |
| 22:41 | Build | University |
| 22:42 | Create | Villager (Male) ×5 |
| 22:56 | Create | Villager (Male) ×3 |
Build order — Dylan_HKH
First 150 of 282 actions detected
| 0:01 | Create | Villager (Male) ×4 |
| 0:03 | Build | House |
| 0:05 | Build | House |
| 1:26 | Create | Villager (Male) |
| 1:59 | Create | Villager (Male) |
| 2:11 | Build | Lumber Camp |
| 2:16 | Create | Villager (Male) |
| 3:21 | Create | Villager (Male) |
| 3:21 | Create | Villager (Male) |
| 3:34 | Research | Double-Bit Axe |
| 3:44 | Create | Villager (Male) |
| 4:11 | Create | Villager (Male) |
| 4:18 | Build | House |
| 5:00 | Create | Villager (Male) |
| 5:00 | Create | Villager (Male) |
| 5:00 | Create | Villager (Male) |
| 5:24 | Build | Mill |
| 6:02 | Create | Villager (Male) |
| 6:11 | Build | House |
| 6:48 | Create | Villager (Male) |
| 6:49 | Create | Villager (Male) |
| 6:49 | Create | Villager (Male) |
| 7:24 | Build | Farm |
| 7:28 | Build | Farm |
| 7:33 | Build | Farm |
| 7:46 | Create | Villager (Male) |
| 7:46 | Create | Villager (Male) |
| 8:40 | Create | Villager (Male) |
| 9:01 | Build | Mining Camp |
| 9:08 | Research | Feudal Age |
| 10:07 | Build | House |
| 10:49 | Create | Villager (Male) |
| 10:50 | Create | Villager (Male) |
| 11:29 | Age | Feudal Age |
| 11:37 | Build | Market |
| 11:44 | Build | Blacksmith |
| 12:06 | Build | Farm |
| 12:06 | Build | Farm |
| 12:07 | Build | Farm |
| 12:31 | Research | Castle Age |
| 12:55 | Build | House |
| 13:00 | Build | Farm |
| 13:19 | Build | Barracks |
| 14:26 | Create | Flemish Militia |
| 14:26 | Create | Flemish Militia |
| 14:26 | Create | Flemish Militia |
| 14:46 | Create | Flemish Militia |
| 14:52 | Research | Bow Saw |
| 14:56 | Create | Flemish Militia |
| 14:58 | Create | Flemish Militia |
| 15:03 | Create | Villager (Male) |
| 15:03 | Create | Villager (Male) |
| 15:11 | Age | Castle Age |
| 15:21 | Build | Siege Workshop |
| 15:25 | Create | Flemish Militia |
| 15:26 | Create | Flemish Militia |
| 16:10 | Build | House |
| 16:13 | Build | House |
| 16:16 | Create | Flemish Militia |
| 16:16 | Create | Flemish Militia |
| 16:18 | Create | Villager (Male) |
| 16:18 | Create | Villager (Male) |
| 16:34 | Create | Battering Ram |
| 16:38 | Create | Flemish Militia |
| 16:38 | Create | Flemish Militia |
| 16:54 | Create | Flemish Militia |
| 16:57 | Research | Squires |
| 17:03 | Build | House |
| 17:13 | Create | Battering Ram |
| 17:22 | Create | Flemish Militia |
| 17:29 | Create | Flemish Militia |
| 17:36 | Create | Villager (Male) |
| 17:37 | Create | Villager (Male) |
| 17:39 | Build | House |
| 17:43 | Create | Flemish Militia |
| 17:53 | Create | Battering Ram |
| 17:58 | Create | Flemish Militia |
| 17:59 | Create | Flemish Militia |
| 18:11 | Build | House |
| 18:25 | Create | Flemish Militia |
| 18:30 | Create | Battering Ram |
| 18:57 | Create | Flemish Militia |
| 19:01 | Create | Villager (Male) |
| 19:02 | Create | Villager (Male) |
| 19:23 | Research | Scale Mail Armor |
| 19:36 | Create | Flemish Militia |
| 19:37 | Create | Flemish Militia |
| 19:48 | Create | Flemish Militia |
| 20:06 | Create | Villager (Male) |
| 20:09 | Build | House |
| 20:33 | Build | House |
| 20:34 | Build | House |
| 20:35 | Build | House |
| 21:17 | Create | Villager (Male) ×4 |
| 23:02 | Create | Villager (Male) ×5 |
| 23:19 | Create | Villager (Male) |
| 23:51 | Create | Villager (Male) |
| 24:22 | Create | Villager (Male) ×2 |
| 24:37 | Build | Town Center |
| 25:34 | Build | Town Center |
| 26:33 | Create | Mangonel |
| 26:33 | Create | Mangonel |
| 26:48 | Build | Stone Wall |
| 26:57 | Create | Villager (Male) |
| 26:58 | Create | Villager (Male) |
| 26:58 | Create | Villager (Male) ×5 |
| 27:26 | Build | Stone Wall |
| 27:29 | Build | Stone Wall |
| 27:46 | Create | Villager (Male) ×2 |
| 28:10 | Build | Building 490 |
| 28:22 | Create | Villager (Male) ×2 |
| 28:40 | Build | Farm |
| 28:41 | Build | Farm |
| 28:41 | Build | Farm |
| 28:41 | Build | Farm |
| 28:42 | Build | Farm |
| 28:47 | Build | Farm |
| 28:47 | Build | Farm |
| 28:48 | Build | Farm |
| 28:48 | Build | Farm |
| 28:58 | Build | Farm |
| 28:58 | Build | Farm |
| 28:59 | Build | Farm |
| 28:59 | Build | Farm |
| 29:00 | Build | Farm |
| 29:21 | Build | University |
| 29:37 | Build | Farm |
| 29:37 | Build | Farm |
| 29:37 | Build | Farm |
| 29:38 | Build | Farm |
| 29:39 | Build | Farm |
| 29:45 | Create | Villager (Male) |
| 29:47 | Create | Villager (Male) ×2 |
| 29:57 | Create | Villager (Male) |
| 30:06 | Create | Mangonel |
| 30:06 | Create | Mangonel |
| 30:57 | Create | Villager (Male) ×5 |
| 32:39 | Create | Mangonel |
| 32:39 | Create | Mangonel |
| 33:01 | Build | Stone Wall |
| 33:29 | Create | Villager (Male) ×5 |
| 33:42 | Create | Villager (Male) ×5 |
| 33:56 | Build | Town Center |
| 34:13 | Build | Stone Wall |
| 34:33 | Create | Villager (Male) ×5 |
| 34:45 | Research | Imperial Age |
| 34:50 | Create | Villager (Male) |
| 34:50 | Create | Villager (Male) |
| 35:19 | Create | Villager (Male) ×5 |
| 35:27 | Research | Wheelbarrow |
Build order — 卡福达
First 150 of 371 actions detected
| 0:01 | Create | Villager (Male) |
| 0:01 | Create | Villager (Male) |
| 0:02 | Create | Villager (Male) |
| 0:02 | Create | Villager (Male) |
| 0:03 | Build | House |
| 0:04 | Build | House |
| 1:40 | Create | Villager (Male) |
| 2:02 | Create | Villager (Male) |
| 2:12 | Build | Lumber Camp |
| 2:23 | Create | Villager (Male) |
| 2:49 | Create | Villager (Male) |
| 3:08 | Create | Villager (Male) |
| 3:39 | Create | Villager (Male) |
| 3:59 | Build | Mill |
| 4:07 | Create | Villager (Male) |
| 4:21 | Build | House |
| 4:26 | Create | Villager (Male) |
| 4:40 | Research | Loom |
| 4:52 | Create | Villager (Male) |
| 4:59 | Build | House |
| 5:21 | Create | Villager (Male) |
| 5:37 | Create | Villager (Male) |
| 6:22 | Create | Villager (Male) |
| 6:39 | Create | Villager (Male) |
| 7:02 | Build | Lumber Camp |
| 7:10 | Create | Villager (Male) |
| 7:23 | Create | Villager (Male) |
| 7:52 | Create | Villager (Male) |
| 7:56 | Build | Mill |
| 8:07 | Create | Villager (Male) |
| 8:43 | Create | Villager (Male) |
| 8:59 | Build | Mining Camp |
| 9:18 | Research | Feudal Age |
| 10:09 | Build | Farm |
| 10:34 | Build | Farm |
| 10:34 | Create | Villager (Male) |
| 10:35 | Create | Villager (Male) |
| 10:43 | Build | House |
| 11:28 | Age | Feudal Age |
| 11:35 | Build | Market |
| 11:42 | Build | Blacksmith |
| 11:55 | Research | Double-Bit Axe |
| 11:58 | Build | Farm |
| 12:18 | Create | Villager (Male) |
| 12:24 | Build | Farm |
| 13:09 | Research | Castle Age |
| 14:30 | Build | Farm |
| 14:42 | Build | Farm |
| 14:45 | Build | Farm |
| 15:09 | Build | Farm |
| 15:13 | Build | Farm |
| 15:17 | Create | Villager (Male) |
| 15:17 | Create | Villager (Male) |
| 15:22 | Build | House |
| 15:49 | Age | Castle Age |
| 15:58 | Build | Town Center |
| 16:37 | Create | Villager (Male) |
| 16:41 | Build | Farm |
| 16:52 | Build | Town Center |
| 16:59 | Create | Villager (Male) |
| 17:09 | Build | Farm |
| 17:11 | Build | Farm |
| 17:15 | Build | Farm |
| 17:18 | Build | Farm |
| 17:20 | Research | Bow Saw |
| 17:25 | Create | Villager (Male) |
| 17:25 | Create | Villager (Male) |
| 17:26 | Create | Villager (Male) |
| 17:30 | Build | Farm |
| 17:34 | Build | Farm |
| 17:36 | Build | Farm |
| 17:41 | Create | Villager (Male) |
| 17:55 | Build | Farm |
| 18:02 | Build | Farm |
| 18:12 | Create | Villager (Male) |
| 18:13 | Create | Villager (Male) |
| 18:13 | Create | Villager (Male) |
| 18:19 | Build | Farm |
| 18:22 | Build | Farm |
| 18:25 | Create | Villager (Male) ×5 |
| 18:30 | Build | Farm |
| 18:34 | Build | Farm |
| 18:39 | Build | Farm |
| 18:58 | Build | Farm |
| 19:10 | Build | House |
| 19:11 | Build | House |
| 19:14 | Create | Villager (Male) ×5 |
| 19:33 | Research | Wheelbarrow |
| 19:34 | Create | Villager (Male) |
| 19:39 | Build | Farm |
| 20:00 | Build | Farm |
| 20:04 | Build | House |
| 20:04 | Build | House |
| 20:04 | Build | House |
| 20:05 | Build | House |
| 20:05 | Build | House |
| 20:09 | Create | Villager (Male) |
| 20:23 | Build | Town Center |
| 20:31 | Create | Villager (Male) |
| 20:31 | Create | Villager (Male) |
| 20:41 | Build | Farm |
| 20:58 | Create | Villager (Male) ×5 |
| 21:05 | Build | Farm |
| 21:11 | Create | Villager (Male) |
| 21:25 | Build | Farm |
| 21:33 | Create | Villager (Male) |
| 21:43 | Create | Villager (Male) |
| 21:51 | Build | Farm |
| 21:55 | Build | Farm |
| 22:03 | Build | House |
| 22:04 | Build | House |
| 22:05 | Build | House |
| 22:05 | Build | House |
| 22:05 | Build | House |
| 22:06 | Build | House |
| 22:06 | Build | House |
| 22:08 | Create | Villager (Male) ×5 |
| 22:12 | Build | Farm |
| 22:21 | Create | Villager (Male) ×5 |
| 22:23 | Build | Farm |
| 22:36 | Build | Town Center |
| 22:39 | Create | Villager (Male) ×5 |
| 22:58 | Build | Farm |
| 23:00 | Build | Farm |
| 23:21 | Create | Villager (Male) |
| 23:26 | Build | Farm |
| 23:27 | Build | Farm |
| 23:34 | Create | Villager (Male) |
| 23:38 | Build | Farm |
| 23:47 | Build | Farm |
| 23:59 | Create | Villager (Male) ×5 |
| 24:02 | Build | Farm |
| 24:03 | Build | Farm |
| 24:06 | Build | House |
| 24:07 | Build | House |
| 24:07 | Build | House |
| 24:07 | Build | House |
| 24:15 | Research | Hand Cart |
| 24:16 | Create | Villager (Male) ×5 |
| 24:18 | Build | Farm |
| 24:19 | Build | Farm |
| 24:27 | Create | Villager (Male) |
| 24:27 | Create | Villager (Male) |
| 24:27 | Create | Villager (Male) |
| 24:32 | Build | Farm |
| 24:36 | Build | Farm |
| 24:38 | Build | Farm |
| 24:42 | Build | Farm |
| 25:01 | Build | Farm |
| 25:02 | Build | Farm |
Build order — notes
First 150 of 552 actions detected
| 0:00 | Create | Villager (Male) |
| 0:00 | Create | Villager (Male) |
| 0:00 | Create | Villager (Male) |
| 0:01 | Build | House |
| 0:02 | Build | House |
| 0:06 | Create | Villager (Male) |
| 1:14 | Create | Villager (Male) |
| 1:40 | Create | Villager (Male) |
| 1:40 | Create | Villager (Male) |
| 2:10 | Create | Villager (Male) |
| 2:28 | Create | Villager (Male) |
| 2:35 | Build | Lumber Camp |
| 2:43 | Create | Villager (Male) |
| 2:47 | Create | Villager (Male) |
| 3:09 | Create | Villager (Male) |
| 3:09 | Create | Villager (Male) |
| 3:30 | Create | Villager (Male) |
| 3:48 | Create | Villager (Male) |
| 3:53 | Build | House |
| 4:21 | Create | Villager (Male) |
| 4:39 | Build | Mill |
| 5:54 | Create | Villager (Male) |
| 5:58 | Build | House |
| 6:34 | Create | Villager (Male) |
| 6:40 | Build | Mill |
| 6:51 | Create | Villager (Male) |
| 6:54 | Create | Villager (Male) |
| 7:34 | Create | Villager (Male) |
| 7:37 | Research | Feudal Age |
| 7:38 | Research | Feudal Age |
| 8:01 | Build | Mining Camp |
| 8:50 | Build | Farm |
| 9:35 | Create | Villager (Male) |
| 9:40 | Build | Farm |
| 9:46 | Build | House |
| 9:51 | Build | House |
| 9:54 | Build | House |
| 10:05 | Age | Feudal Age |
| 10:11 | Build | Farm |
| 10:27 | Build | Blacksmith |
| 10:30 | Create | Villager (Male) |
| 10:55 | Create | Villager (Male) |
| 11:21 | Build | Market |
| 11:26 | Create | Villager (Male) |
| 11:59 | Research | Castle Age |
| 12:04 | Build | Farm |
| 12:06 | Build | Farm |
| 12:26 | Research | Double-Bit Axe |
| 12:31 | Research | Horse Collar |
| 13:32 | Build | Farm |
| 13:36 | Build | Farm |
| 13:59 | Build | House |
| 14:39 | Age | Castle Age |
| 14:40 | Create | Villager (Male) |
| 14:43 | Research | Bow Saw |
| 14:44 | Research | Heavy Plow |
| 14:51 | Build | Town Center |
| 15:03 | Research | Wheelbarrow |
| 15:38 | Create | Villager (Male) |
| 16:07 | Build | Town Center |
| 16:35 | Build | Farm |
| 16:37 | Create | Villager (Male) |
| 16:46 | Build | Monastery |
| 16:53 | Create | Villager (Male) |
| 17:00 | Create | Villager (Male) |
| 17:04 | Build | Farm |
| 17:09 | Create | Villager (Male) |
| 17:24 | Build | Farm |
| 17:26 | Create | Villager (Male) |
| 17:28 | Create | Villager (Male) |
| 17:30 | Build | Farm |
| 17:35 | Build | Farm |
| 17:41 | Build | Farm |
| 17:42 | Create | Villager (Male) |
| 17:42 | Create | Villager (Male) |
| 17:43 | Create | Monk |
| 17:53 | Create | Villager (Male) |
| 17:54 | Create | Villager (Male) |
| 17:56 | Build | Farm |
| 18:00 | Build | Farm |
| 18:01 | Build | Farm |
| 18:03 | Create | Villager (Male) |
| 18:13 | Build | Farm |
| 18:14 | Create | Villager (Male) |
| 18:16 | Build | Farm |
| 18:23 | Create | Villager (Male) |
| 18:25 | Build | Farm |
| 18:37 | Build | Farm |
| 18:39 | Create | Villager (Male) |
| 18:42 | Create | Villager (Male) |
| 18:45 | Build | House |
| 18:46 | Build | House |
| 18:46 | Build | House |
| 18:53 | Create | Villager (Male) |
| 18:55 | Build | Farm |
| 18:59 | Create | Villager (Male) |
| 19:05 | Build | Farm |
| 19:06 | Create | Villager (Male) |
| 19:08 | Build | Farm |
| 19:12 | Build | Farm |
| 19:23 | Create | Monk |
| 19:25 | Create | Villager (Male) |
| 19:26 | Create | Villager (Male) |
| 19:28 | Build | Farm |
| 19:31 | Build | House |
| 19:33 | Create | Villager (Male) |
| 19:37 | Create | Villager (Male) |
| 19:37 | Create | Villager (Male) |
| 19:46 | Build | House |
| 19:46 | Create | Villager (Male) |
| 19:48 | Build | Farm |
| 19:54 | Create | Villager (Male) |
| 20:03 | Build | Farm |
| 20:07 | Create | Villager (Male) |
| 20:08 | Create | Villager (Male) |
| 20:10 | Build | House |
| 20:18 | Build | Farm |
| 20:27 | Create | Villager (Male) |
| 20:27 | Create | Villager (Male) |
| 20:36 | Create | Villager (Male) |
| 20:40 | Build | Farm |
| 20:46 | Research | Hand Cart |
| 20:53 | Build | Farm |
| 21:09 | Create | Villager (Male) |
| 21:14 | Create | Villager (Male) |
| 21:23 | Create | Villager (Male) |
| 21:40 | Create | Villager (Male) |
| 21:40 | Create | Villager (Male) |
| 21:41 | Create | Villager (Male) |
| 21:43 | Create | Villager (Male) |
| 21:51 | Create | Villager (Male) |
| 21:51 | Create | Villager (Male) |
| 22:02 | Create | Villager (Male) |
| 22:03 | Create | Villager (Male) |
| 22:03 | Create | Villager (Male) |
| 22:08 | Build | Farm |
| 22:10 | Create | Villager (Male) |
| 22:21 | Build | Town Center |
| 22:24 | Build | Lumber Camp |
| 22:25 | Create | Villager (Male) |
| 22:27 | Create | Villager (Male) |
| 22:29 | Create | Villager (Male) |
| 22:31 | Research | Gold Mining |
| 22:36 | Build | Farm |
| 22:38 | Build | Farm |
| 22:43 | Create | Villager (Male) |
| 22:55 | Create | Villager (Male) |
| 22:55 | Create | Villager (Male) |
| 22:55 | Create | Villager (Male) |
| 23:11 | Create | Villager (Male) |
Build order — 豹豹是只大猫咪
First 150 of 369 actions detected
| 0:06 | Create | Villager (Male) |
| 0:06 | Create | Villager (Male) |
| 0:08 | Build | House |
| 0:11 | Build | House |
| 0:28 | Create | Villager (Male) |
| 0:28 | Create | Villager (Male) |
| 1:43 | Create | Villager (Male) |
| 1:44 | Create | Villager (Male) |
| 2:23 | Build | Settlement |
| 2:33 | Create | Villager (Male) |
| 2:57 | Create | Villager (Male) |
| 3:24 | Create | Villager (Male) |
| 3:43 | Create | Villager (Male) |
| 4:14 | Create | Villager (Male) |
| 4:35 | Create | Villager (Male) |
| 4:53 | Build | Settlement |
| 5:04 | Create | Villager (Male) |
| 5:32 | Create | Villager (Male) |
| 5:57 | Create | Villager (Male) |
| 6:20 | Create | Villager (Male) |
| 6:20 | Create | Villager (Male) |
| 6:43 | Create | Villager (Male) |
| 6:54 | Build | Settlement |
| 7:07 | Create | Villager (Male) |
| 7:12 | Build | Farm |
| 8:03 | Research | Feudal Age |
| 9:57 | Build | Outpost |
| 10:04 | Create | Villager (Male) |
| 10:04 | Create | Villager (Male) |
| 10:13 | Age | Feudal Age |
| 10:24 | Build | Market |
| 10:53 | Build | Blacksmith |
| 11:03 | Create | Villager (Male) |
| 11:09 | Create | Villager (Male) |
| 11:47 | Research | Castle Age |
| 12:15 | Build | Outpost |
| 12:48 | Build | Farm |
| 12:52 | Build | Farm |
| 12:57 | Research | Double-Bit Axe |
| 13:00 | Research | Horse Collar |
| 13:12 | Build | House |
| 13:15 | Build | House |
| 14:21 | Create | Villager (Male) |
| 14:21 | Create | Villager (Male) |
| 14:26 | Build | Barracks |
| 14:27 | Age | Castle Age |
| 14:33 | Build | Farm |
| 14:35 | Build | Farm |
| 14:38 | Build | Farm |
| 14:43 | Build | Farm |
| 14:47 | Build | Farm |
| 14:59 | Build | Farm |
| 15:03 | Build | Farm |
| 15:07 | Create | Villager (Male) |
| 15:12 | Create | Unit 2582 |
| 15:13 | Create | Unit 2582 |
| 15:19 | Research | Town Watch |
| 15:35 | Create | Villager (Male) |
| 15:35 | Create | Villager (Male) |
| 15:40 | Build | Farm |
| 15:45 | Create | Unit 2582 |
| 15:54 | Create | Villager (Male) |
| 15:59 | Build | Farm |
| 16:04 | Build | Farm |
| 16:08 | Create | Unit 2582 |
| 16:22 | Build | Barracks |
| 16:31 | Research | Gold Mining |
| 16:39 | Create | Villager (Male) |
| 16:44 | Create | Unit 2582 |
| 16:54 | Build | Farm |
| 17:06 | Build | House |
| 17:13 | Build | House |
| 17:26 | Build | Farm |
| 17:29 | Create | Villager (Male) |
| 17:31 | Create | Unit 2582 |
| 17:32 | Create | Unit 2582 |
| 17:37 | Research | Squires |
| 17:48 | Build | House |
| 17:50 | Build | House |
| 18:02 | Create | Villager (Male) |
| 18:04 | Create | Unit 2582 |
| 18:05 | Create | Unit 2582 |
| 18:27 | Create | Unit 2582 |
| 18:28 | Create | Unit 2582 |
| 18:31 | Create | Villager (Male) |
| 18:32 | Create | Villager (Male) |
| 18:39 | Build | Siege Workshop |
| 18:49 | Create | Villager (Male) |
| 18:52 | Create | Unit 2582 |
| 18:52 | Create | Unit 2582 |
| 19:22 | Create | Villager (Male) |
| 19:25 | Create | Unit 2582 |
| 19:25 | Create | Unit 2582 |
| 19:32 | Create | Battering Ram |
| 19:35 | Create | Villager (Male) |
| 19:44 | Build | Farm |
| 19:47 | Build | Farm |
| 19:50 | Create | Villager (Male) |
| 19:58 | Create | Villager (Male) |
| 20:16 | Create | Battering Ram |
| 20:27 | Create | Unit 2582 |
| 20:27 | Create | Unit 2582 |
| 20:33 | Create | Villager (Male) |
| 20:55 | Create | Villager (Male) |
| 21:06 | Create | Battering Ram |
| 21:23 | Create | Villager (Male) |
| 21:30 | Build | Settlement |
| 21:35 | Create | Villager (Male) |
| 21:48 | Create | Battering Ram |
| 21:59 | Research | Arson |
| 22:27 | Build | House |
| 22:28 | Build | House |
| 22:29 | Build | House |
| 22:45 | Research | Tech 1402 |
| 22:49 | Create | Unit 2550 ×4 |
| 22:52 | Create | Villager (Male) |
| 22:53 | Create | Villager (Male) |
| 22:58 | Build | Town Center |
| 23:03 | Create | Villager (Male) |
| 23:04 | Research | Loom |
| 23:07 | Research | Wheelbarrow |
| 23:28 | Create | Scorpion |
| 23:42 | Create | Villager (Male) |
| 23:42 | Create | Villager (Male) |
| 24:02 | Research | Tech 1351 |
| 24:08 | Research | Scale Mail Armor |
| 24:09 | Research | Forging |
| 24:10 | Create | Villager (Male) |
| 24:17 | Build | Farm |
| 24:17 | Build | Farm |
| 24:18 | Build | Farm |
| 24:18 | Build | Farm |
| 24:22 | Create | Villager (Male) |
| 24:22 | Create | Villager (Male) |
| 24:51 | Create | Unit 2582 ×4 |
| 25:58 | Create | Villager (Male) |
| 25:58 | Create | Villager (Male) |
| 25:59 | Create | Villager (Male) |
| 25:59 | Create | Villager (Male) |
| 26:41 | Create | Villager (Male) |
| 26:41 | Create | Villager (Male) |
| 26:52 | Create | Battering Ram |
| 26:52 | Create | Battering Ram |
| 26:58 | Research | Chain Mail Armor |
| 27:07 | Build | Farm |
| 27:07 | Build | Farm |
| 27:08 | Build | Farm |
| 27:08 | Build | Farm |
| 27:08 | Build | Farm |
| 27:09 | Build | Farm |
Match timeline
| 10:05 | notes · age_up feudal |
| 10:13 | 豹豹是只大猫咪 · age_up feudal |
| 11:01 | substitutehugo · age_up feudal |
| 11:21 | 闲人肥羊 · age_up feudal |
| 11:28 | 卡福达 · age_up feudal |
| 11:29 | Dylan_HKH · age_up feudal |
| 12:14 | 闲人肥羊 · first_market_sell 100 wood |
| 12:48 | 闲人肥羊 · first_market_buy 100 food |
| 12:58 | 卡福达 · first_market_sell 100 stone |
| 13:19 | Dylan_HKH · first_building Barracks |
| 14:26 | 豹豹是只大猫咪 · first_building Barracks |
| 14:27 | 豹豹是只大猫咪 · age_up castle |
| 14:39 | notes · age_up castle |
| 14:47 | substitutehugo · age_up castle |
| 14:50 | substitutehugo · first_building Monastery |
| 15:01 | 闲人肥羊 · age_up castle |
| 15:11 | Dylan_HKH · age_up castle |
| 15:12 | Dylan_HKH · first_market_sell 100 stone |
| 15:21 | Dylan_HKH · first_building Siege Workshop |
| 15:49 | 卡福达 · age_up castle |
| 16:46 | notes · first_building Monastery |
| 18:38 | 闲人肥羊 · first_building Castle |
| 18:39 | 豹豹是只大猫咪 · first_building Siege Workshop |
| 20:05 | 闲人肥羊 · first_building Monastery |
| 20:23 | 豹豹是只大猫咪 · first_market_sell 100 food |
| 23:21 | 闲人肥羊 · wall_segment Stone Wall x7 |
| 23:49 | substitutehugo · wall_segment Stone Wall x10 |
| 23:51 | substitutehugo · first_building Siege Workshop |
| 24:05 | substitutehugo · wall_segment Stone Wall x2 |
| 24:08 | substitutehugo · wall_segment Stone Wall x1 |
| 24:16 | substitutehugo · first_market_buy 100 stone |
| 24:20 | substitutehugo · first_building Castle |
| 24:29 | substitutehugo · wall_segment Stone Wall x2 |
| 24:30 | Dylan_HKH · first_market_buy 100 stone |
| 24:34 | substitutehugo · wall_segment Stone Wall x1 |
| 24:36 | substitutehugo · wall_segment Stone Wall x1 |
| 24:37 | substitutehugo · wall_segment Stone Wall x1 |
| 25:00 | substitutehugo · wall_segment Stone Wall x1 |
| 25:03 | substitutehugo · wall_segment Stone Wall x1 |
| 25:14 | substitutehugo · first_market_sell 100 food |
| 25:24 | substitutehugo · wall_segment Stone Wall x3 |
| 25:51 | 卡福达 · first_building Barracks |
| 26:32 | 卡福达 · first_market_buy 100 wood |
| 26:36 | 卡福达 · first_building Monastery |
| 26:48 | Dylan_HKH · wall_segment Stone Wall x17 |
| 27:04 | substitutehugo · first_building Barracks |
| 27:06 | notes · first_building Siege Workshop |
| 27:26 | Dylan_HKH · wall_segment Stone Wall x5 |
| 27:29 | Dylan_HKH · wall_segment Stone Wall x7 |
| 28:08 | substitutehugo · first_building Archery Range |
| 28:10 | 卡福达 · first_building Stable |
| 28:25 | substitutehugo · age_up imperial |
| 28:32 | 卡福达 · first_building Castle |
| 29:05 | notes · age_up imperial |
| 29:50 | 豹豹是只大猫咪 · first_building Monastery |
| 30:25 | notes · first_building Barracks |
| 30:25 | 卡福达 · age_up imperial |
| 31:12 | notes · first_building Stable |
| 32:06 | notes · first_building Castle |
| 33:01 | Dylan_HKH · wall_segment Stone Wall x7 |
| 34:01 | notes · first_building Archery Range |
| 34:13 | Dylan_HKH · wall_segment Stone Wall x4 |
| 34:14 | 豹豹是只大猫咪 · first_building Archery Range |
| 34:30 | 闲人肥羊 · age_up imperial |
| 34:31 | 豹豹是只大猫咪 · age_up imperial |
| 35:49 | Dylan_HKH · wall_segment Stone Wall x15 |
| 36:26 | 豹豹是只大猫咪 · first_building Castle |
| 37:06 | 闲人肥羊 · first_building Barracks |
| 37:58 | Dylan_HKH · age_up imperial |
| 38:22 | Dylan_HKH · first_building Stable |
| 39:10 | 卡福达 · tribute_sent a jugador 1 |
| 39:10 | 卡福达 · tribute_sent a jugador 2 |
| 39:10 | 卡福达 · tribute_sent a jugador 3 |
| 39:10 | 卡福达 · tribute_sent a jugador 5 |
| 39:10 | 卡福达 · tribute_sent a jugador 6 |
| 40:06 | 闲人肥羊 · first_building Siege Workshop |
| 40:41 | 卡福达 · first_building Siege Workshop |
| 41:07 | Dylan_HKH · first_building Archery Range |
| 45:08 | 卡福达 · first_building Archery Range |
| 51:09 | substitutehugo · first_building Stable |
| 51:31 | 闲人肥羊 · wall_segment Palisade Wall x5 |
| 52:09 | 卡福达 · tribute_sent a jugador 1 |
| 52:09 | 卡福达 · tribute_sent a jugador 2 |
| 52:09 | 卡福达 · tribute_sent a jugador 3 |
| 52:09 | 卡福达 · tribute_sent a jugador 5 |
| 52:09 | 卡福达 · tribute_sent a jugador 6 |
| 58:17 | 闲人肥羊 · resign |
[ AI ANALYSIS · 1 CREDIT ]
What really happened in this match?
Wolo.gg analyzes every decision: build order, eco, micro, common mistakes by bracket. Personalized analysis on WhatsApp or Discord in 30 seconds.
Civ guide
Bohemians
Map guide
Arena
Perfil
Jugador #24924483